 Dungeon Sprint DCSS version 0.29.1-15-g9cfb28693d (webtiles) character file.

Game seed: 3977570974329354933

21525 boopmooplesden the Executioner (level 12, -41/133 HPs)
             Began as a Minotaur Fighter on Mar 10, 2023.
             Was the Champion of Trog.
             Killed from afar by a frost giant (85 damage)
             ... with a bolt of cold
             ... in the Dungeon (Sprint IX: "|||||||||||||||||||||||||||||").
             The game lasted 00:07:39 (3014 turns).

boopmooplesden the Executioner (Minotaur Fighter)   Turns: 3014, Time: 00:07:40

Health: -41/133    AC: 21    Str: 27    XL:     12   Next: 55%
Magic:  11/11      EV: 10    Int:  5    God:    Trog [******]
Gold:   1788       SH: 19    Dex: 12    Spells: 11/11 levels left

rFire   + + .      SeeInvis .   l - +7 broad axe (freeze)
rCold   x . .      Faith    .   E - +1 tower shield
rNeg    . . .      Spirit   .   F - +1 fire dragon scales
rPois   .          Reflect  .   (helmet restricted)
rElec   .          Harm     .   (no cloak)
rCorr   .          Rampage  .   m - +0 pair of gloves
Will    ++...      NoTele   +   v - +0 pair of boots
Stlth   +.........              (no amulet)
HPRegen 1.32/turn               o - +3 ring of dexterity
MPRegen 0.12/turn               p - +2 ring of protection

@: strong-willed, on berserk cooldown, regenerating, slowed, very slow
A: horns 2, retaliatory headbutt
a: Renounce Religion, Berserk, Trog's Hand, Brothers in Arms


You were in the Dungeon.
You worshipped Trog.
Trog was exalted by your worship.
You visited 1 branch You collected 1863 gold pieces.
You spent 75 gold pieces at shops.

Inventory:

Hand Weapons
 a - a +0 war axe
 b - the +7 battleaxe of Cataclysm {flame, rElec rN+ Will- Str+4}
   (Trog gifted it to you in the Dungeon)

   It burns those it strikes, dealing additional fire damage.
   Big, fiery blades are also staple armaments of hydra-hunters.
   Str:       It affects your strength (+4).
   rElec:     It insulates you from electricity.
   rN:        It protects you from negative energy.
   Will:      It decreases your willpower.
 j - the +6 executioner's axe of the Butterfly {vorpal, Str+4}
   (Trog gifted it to you in the Dungeon)

   It inflicts extra damage upon your enemies.
   Str:       It affects your strength (+4).
 l - a +7 broad axe of freezing (weapon)
 t - the +7 war axe of Ryohyus {vorpal, rPois rC- rN+++ Dex-3}
   (Trog gifted it to you in the Dungeon)

   It inflicts extra damage upon your enemies.
   Dex:       It affects your dexterity (-3).
   rC:        It makes you vulnerable to cold.
   rPois:     It protects you from poison.
   rN:        It renders you almost immune to negative energy.
 u - a +2 antimagic war axe
 w - the +8 executioner's axe "Tuor" {vorpal, rElec rF- rCorr SInv}
   (Trog gifted it to you in the Dungeon)

   It inflicts extra damage upon your enemies.
   rF:        It makes you vulnerable to fire.
   rElec:     It insulates you from electricity.
   SInv:      It lets you see invisible.
   rCorr:     It protects you from acid and corrosion.
Missiles
 g - 2 throwing nets (quivered)
Armour
 c - a +0 buckler
 m - a +0 pair of gloves (worn)
 n - a +1 chain mail
 v - a +0 pair of boots (worn)
 x - a +0 plate armour
 D - a +1 pair of gloves
 E - a +1 tower shield (worn)
 F - +1 fire dragon scales (worn)
Jewellery
 o - a +3 ring of dexterity (left hand)
 p - a +2 ring of protection (right hand)
 y - a ring of protection from cold
 A - a ring of protection from fire
 B - a ring of fire
 C - a ring of protection from cold
Wands
 k - a wand of light (9)
Scrolls
 q - 4 scrolls of enchant armour
 r - 2 scrolls of fear
 s - 2 scrolls of enchant weapon
 G - a scroll of identify
Potions
 d - a potion of invisibility
 e - 7 potions of curing
 f - 6 potions of heal wounds
 h - 4 potions of magic
 i - 2 potions of might
 z - 3 potions of mutation


   Skills:
 + Level 20.1 Fighting
 + Level 22.7 Axes
 + Level 19.1 Armour
 + Level 3.9 Dodging
 + Level 3.0 Stealth
 + Level 15.2 Shields
 + Level 0.4 Evocations


You had 11 spell levels left.
You didn't know any spells.
Your spell library was empty.

Dungeon Overview and Level Annotations

Branches:
Dungeon (1/1)

Altars:
Cheibriados
Dithmenos
Elyvilon
Fedhas
Gozag
Hepliaklqana
Kikubaaqudgha
Makhleb
Nemelex Xobeh
Okawaru
Qazlal
Ru
Sif Muna
Trog
Uskayaw
Vehumet
Wu Jian
Xom
Yredelemnul
Zin
The Shining One
Jiyva
Lugonu

Shops:
D *((!


Innate Abilities, Weirdness & Mutations

You have a pair of horns on your head.
You reflexively headbutt those who attack you in melee.


Message History

Your skin crawls.
You feel strong-willed.
You block the green ugly thing's attack.
You slice the green ugly thing!! You freeze the green ugly thing!
You headbutt the green ugly thing, but do no damage.
The green ugly thing is heavily wounded.
The green ugly thing stings you.
You block the green ugly thing's attack.
You slice the green ugly thing!! You freeze the green ugly thing.
You headbutt the green ugly thing, but do no damage.
The green ugly thing is almost dead.
The green ugly thing barely misses you.
You slash the green ugly thing! You freeze the green ugly thing.
You kill the green ugly thing!
Trog accepts your kill. You block the cyan ugly thing's attack.
You slice the cyan ugly thing!! You freeze the cyan ugly thing!
You headbutt the cyan ugly thing!
You kill the cyan ugly thing!
Trog accepts your kill. Trog grants you a weapon!
Something appears at your feet!
You see here a +1 eveningstar of flaming.
Your Stealth skill increases to level 3!
You hit the frost giant.
The frost giant is lightly wounded.
The frost giant barely misses you. The frost giant casts a spell at you.
The bolt of cold hits you!!!!
You feel a terrible chill!
Ouch! That really hurt!
The frost giant casts a spell at you.
The bolt of cold hits the frost giant!
The frost giant resists.
The bolt of cold misses you.
You slash the frost giant!
The frost giant is lightly wounded.
The frost giant gestures at you while chanting.
The bolt of cold hits the frost giant!
The frost giant resists.
The bolt of cold hits you!!!!
You feel a terrible chill!
Ouch! That really hurt!
You die...

+,,,,,,,,,,,,,,,,,,,,,+,,,,,,,,,,
*********************************
,,,,,,,,,,,,,,,,,,,,,,,,,,,,,,,,,
*********************************
,,,+,,,,,,,,,+,,,,,,,,,+~~,,,,,,,
*********************************
,,,,,,,,,,,,,,,,,,,,,,,,,,,,,,,,,
*********▓▓▓▓▓▓▓▓▓▓▓▓▓▓▓▓▓▓▓▓▓▓▓▓
+,,,,,,,,.*QcC.C@......!....[[.[[
▓▓▓▓▓▓▓▓▓▓▓▓▓▓▓▓▓▓▓▓▓▓▓▓▓▓▓▓▓▓▓▓▓
)..............................).
▓▓▓▓▓▓▓▓▓▓▓▓▓▓▓▓▓▓▓▓▓▓▓▓▓▓▓▓▓▓▓▓▓
'...).∩.∩.∩.∩..)))))....)))))))).
▓▓▓▓▓▓▓▓▓▓▓▓▓▓▓▓▓▓▓▓▓▓▓▓▓▓▓▓▓▓▓▓▓
.................................
▓▓▓▓▓▓▓▓▓▓▓▓▓▓▓▓▓▓▓▓▓▓▓▓▓▓▓▓▓▓▓▓▓
.[..'[.[)....†.††'......†.†÷.....


You could see 2 frost giants, a centaur warrior, a tengu conjurer and a
battlesphere (distracted).

Vanquished Creatures
  A fire dragon (D)
  Josephine (D)
  A hydra (D)
  Harold (D)
  A centaur warrior (D)
  A boulder beetle (D)
  3 two-headed ogres (D)
  An orc high priest (D)
  2 tengu warriors (D)
  Sonja (D)
  4 orc knights (D)
  2 lindwurms (D)
  A cyclops (D)
  4 ugly things (D)
  An orc sorcerer (D)
  A torpor snail (D)
  6 cane toads (D)
  2 rime drakes (D)
  2 komodo dragons (D)
  2 tyrant leeches (D)
  A troll (D)
  A blink frog (D)
  A slime creature (D)
  4 wraiths (D)
  3 wyverns (D)
  A yak (D)
  Eustachio (D)
  Grum (D)
  An acid dragon (D)
  A water moccasin (D)
  13 orc warriors (D)
  3 wolves (D)
  A necrophage (D)
  A bullfrog (D)
  A scorpion (D)
  A wight (D)
  4 orc priests (D)
  An iguana (D)
  A jelly (D)
  2 orc wizards (D)
  4 worms (D)
  9 orcs (D)
  A bat (D)
  2 hobgoblins (D)
  2 rats (D)
99 creatures vanquished.

Vanquished Creatures (collateral kills)
  3 orc knights (D)
  2 orc warriors (D)
5 creatures vanquished.

Grand Total: 104 creatures vanquished

Notes
Turn   | Place    | Note
-------+----------+-------------------------------------------
     0 | D        | boopmooplesden the Minotaur Fighter began the quest for the
                  | Orb.
     0 | D        | Reached XP level 1. HP: 19/19 MP: 0/0
    21 | D        | Noticed a jelly
    21 | D        | Noticed a necrophage
    21 | D        | Noticed a scorpion
    21 | D        | Noticed an iguana
    27 | D        | Killed an iguana
    28 | D        | Reached skill level 5 in Fighting
    28 | D        | Reached skill level 3 in Axes
    28 | D        | Reached skill level 5 in Armour
    28 | D        | Reached skill level 5 in Shields
    28 | D        | Reached XP level 2. HP: 18/29 MP: 1/1
    28 | D        | Reached XP level 3. HP: 23/36 MP: 2/2
    32 | D        | Killed a scorpion
    33 | D        | Reached skill level 4 in Axes
    33 | D        | Reached XP level 4. HP: 21/45 MP: 3/3
    38 | D        | Killed a necrophage
    39 | D        | Reached skill level 6 in Axes
    39 | D        | Reached XP level 5. HP: 18/52 MP: 4/4
   430 | D        | Found a snail-covered altar of Cheibriados.
   430 | D        | Found a shadowy altar of Dithmenos.
   430 | D        | Found a white marble altar of Elyvilon.
   430 | D        | Found a blossoming altar of Fedhas.
   430 | D        | Found an opulent altar of Gozag.
   431 | D        | Found a hazy altar of Hepliaklqana.
   432 | D        | Found a viscous altar of Jiyva.
   433 | D        | Found an ancient bone altar of Kikubaaqudgha.
   434 | D        | Found a corrupted altar of Lugonu.
   435 | D        | Found a burning altar of Makhleb.
   436 | D        | Found a sparkling altar of Nemelex Xobeh.
   437 | D        | Found an iron altar of Okawaru.
   438 | D        | Found a stormy altar of Qazlal.
   439 | D        | Found a sacrificial altar of Ru.
   440 | D        | Found a shimmering blue altar of Sif Muna.
   441 | D        | Found a bloodstained altar of Trog.
   442 | D        | Found a hide-covered altar of Uskayaw.
   443 | D        | Found a radiant altar of Vehumet.
   444 | D        | Found an ornate altar of the Wu Jian Council.
   445 | D        | Found a shimmering altar of Xom.
   446 | D        | Found a basalt altar of Yredelemnul.
   447 | D        | Found a glowing silver altar of Zin.
   448 | D        | Found a glowing golden altar of the Shining One.
   449 | D        | Became a worshipper of Trog the Wrathful
   496 | D        | Noticed a wyvern
   496 | D        | Noticed an acid dragon
   496 | D        | Noticed a two-headed ogre
   496 | D        | Noticed a two-headed ogre
   496 | D        | Noticed a two-headed ogre
   499 | D        | Killed a two-headed ogre
   500 | D        | Reached skill level 10 in Fighting
   500 | D        | Reached skill level 10 in Axes
   500 | D        | Reached XP level 6. HP: 64/67 MP: 5/5
   500 | D        | Reached XP level 7. HP: 69/73 MP: 6/6
   502 | D        | Killed a two-headed ogre
   503 | D        | Reached skill level 11 in Axes
   503 | D        | Reached skill level 10 in Shields
   503 | D        | Reached XP level 8. HP: 72/83 MP: 7/7
   508 | D        | Killed a two-headed ogre
   508 | D        | Reached * piety under Trog
   509 | D        | Reached skill level 12 in Axes
   511 | D        | Reached skill level 13 in Axes
   511 | D        | Reached XP level 9. HP: 40/91 MP: 8/8
   515 | D        | Reached ** piety under Trog
   864 | D        | Noticed a tengu warrior
   864 | D        | Noticed a tengu warrior
   864 | D        | Noticed a cyclops
   864 | D        | Noticed a boulder beetle
   864 | D        | Noticed a troll
   871 | D        | Killed a troll
   872 | D        | Reached skill level 14 in Axes
   877 | D        | Killed a boulder beetle
   880 | D        | Killed a cyclops
   880 | D        | Reached *** piety under Trog
   881 | D        | Reached skill level 15 in Axes
   901 | D        | Killed a tengu warrior
   902 | D        | Reached skill level 15 in Armour
   902 | D        | Reached XP level 10. HP: 79/103 MP: 9/9
   917 | D        | Killed a tengu warrior
   918 | D        | Reached skill level 16 in Axes
  1173 | D        | Noticed Harold
  1182 | D        | Killed Harold
  1182 | D        | Reached **** piety under Trog
  1183 | D        | Reached skill level 1 in Dodging
  1250 | D        | Noticed a cane toad
  1250 | D        | Noticed a cane toad
  1252 | D        | Noticed a cane toad
  1253 | D        | Killed a cane toad
  1256 | D        | Reached skill level 17 in Axes
  1264 | D        | Killed a cane toad
  1264 | D        | Reached ***** piety under Trog
  1267 | D        | Killed a cane toad
  1268 | D        | Reached skill level 15 in Fighting
  1268 | D        | Reached skill level 1 in Stealth
  1284 | D        | Reached skill level 18 in Axes
  1311 | D        | Noticed a cane toad
  1311 | D        | Noticed a torpor snail
  1319 | D        | Noticed a cane toad
  1321 | D        | Noticed a cane toad
  1322 | D        | Killed a torpor snail
  1323 | D        | Reached XP level 11. HP: 114/114 MP: 10/10
  1327 | D        | Identified the +7 war axe of Ryohyus {vorpal, rPois rC-
                  | rN+++ Dex-3} (Trog gifted it to you in the Dungeon)
  1327 | D        | Received a gift from Trog
  1340 | D        | Reached skill level 19 in Axes
  1532 | D        | Noticed a lindwurm
  1532 | D        | Noticed a lindwurm
  1538 | D        | Killed a lindwurm
  1538 | D        | Reached ****** piety under Trog
  1547 | D        | Killed a lindwurm
  1547 | D        | Received a gift from Trog
  1909 | D        | Noticed Josephine
  1919 | D        | Killed Josephine
  1922 | D        | Received a gift from Trog
  2170 | D        | Received a gift from Trog
  2178 | D        | Reached skill level 20 in Axes
  2184 | D        | Identified the +7 battleaxe of Cataclysm {flame, rElec rN+
                  | Will- Str+4} (Trog gifted it to you in the Dungeon)
  2184 | D        | Received a gift from Trog
  2219 | D        | Noticed an orc sorcerer
  2222 | D        | Killed an orc sorcerer
  2226 | D        | Noticed an orc high priest
  2232 | D        | Identified the +8 executioner's axe "Tuor" {vorpal, rElec
                  | rF- rCorr SInv} (Trog gifted it to you in the Dungeon)
  2232 | D        | Received a gift from Trog
  2238 | D        | Killed an orc high priest
  2291 | D        | Found Qudd's Distillery.
  2291 | D        | Noticed an orc knight
  2291 | D        | Noticed an orc knight
  2291 | D        | Noticed an orc knight
  2292 | D        | Noticed an orc knight
  2293 | D        | Noticed an orc knight
  2299 | D        | Killed an orc knight
  2300 | D        | Found Qanteefu's Weapon Shop.
  2300 | D        | Noticed an orc knight
  2307 | D        | Killed an orc knight
  2307 | D        | Received a gift from Trog
  2312 | D        | Killed an orc knight
  2313 | D        | Reached skill level 21 in Axes
  2313 | D        | Found Inwick's Weapon Boutique.
  2318 | D        | Killed an orc knight
  2319 | D        | Reached XP level 12. HP: 20/128 MP: 11/11
  2323 | D        | Reached skill level 15 in Shields
  2335 | D        | Identified the +6 executioner's axe of the Butterfly
                  | {vorpal, Str+4} (Trog gifted it to you in the Dungeon)
  2335 | D        | Received a gift from Trog
  2358 | D        | Found Kureomao's Assorted Antiques.
  2586 | D        | Bought a scroll labelled XAOHO XOXEUMI for 25 gold pieces
  2586 | D        | Bought a scroll labelled GISTYF MASARAD for 25 gold pieces
  2586 | D        | Bought a scroll labelled LISEED ARAH for 25 gold pieces
  2670 | D        | Noticed Grum
  2679 | D        | Killed Grum
  2708 | D        | Noticed Eustachio
  2714 | D        | Killed Eustachio
  2717 | D        | Noticed Sonja
  2724 | D        | Killed Sonja
  2724 | D        | Received a gift from Trog
  2980 | D        | Noticed a centaur warrior
  2980 | D        | Noticed a fire dragon
  2980 | D        | Noticed an eight-headed hydra
  2985 | D        | Killed a 12-headed hydra
  2991 | D        | Noticed a frost giant
  2996 | D        | Killed a fire dragon
  2997 | D        | Reached skill level 22 in Axes
  2999 | D        | Noticed a centaur warrior
  3002 | D        | Killed a centaur warrior
  3008 | D        | Noticed a frost giant
  3012 | D        | Received a gift from Trog
  3014 | D        | Killed from afar by a frost giant

Illustrated notes

Levels and vault maps discovered:
D:        linesprint [early_d, line_temple, items_1, d_10, items_2, lair_1,
          lair_end, items_3, orc_1, orc_end, items_4, d_15, swamp_1, shoals_1,
          snake_1, spider_1, d_20, vaults_1, items_5, swamp_end, shoals_end,
          snake_end, spider_end, vaults_end, d_27, items_6, zot_1, zot_end,
          crypt_end, forest_end, elf_end, slime_end, tomb_end, abyss_end,
          pan_hell_end]

Skill      XL: |  1  2  3  4  5  6  7  8  9 10 11 12 |
---------------+-------------------------------------+-----
Fighting       | 5 6 7 10 11 12 14 15 18 20 | 20.1
Armour         | 5 6 7 11 12 13 15 16 18 19 | 19.1
Shields        | 5 6 7 9 10 11 12 13 14 15 | 15.2
Axes           | 3 4 6 10 11 13 15 18 21 22 | 22.7
Dodging        | 1 3 |  3.9
Stealth        | 1 2 3 |  3.0
Evocations     | |  0.4

Action                   |  1- 3 |  4- 6 |  7- 9 | 10-12 || total
-------------------------+-------+-------+-------+-------++-------
Melee: War axe           |    20 |     7 |       |    83 ||   110
       Headbutt          |     3 |       |    11 |    46 ||    60
       Broad axe         |       |     2 |    36 |    92 ||   130
       Executioner's axe |       |       |       |    38 ||    38
Invok: Berserk           |       |       |     1 |     8 ||     9
       Trog's Hand       |       |       |     1 |     2 ||     3
       Brothers in Arms  |       |       |       |     1 ||     1
Evoke: Wand              |       |       |       |     1 ||     1
  Use: Potion            |     2 |     1 |     1 |     1 ||     5
       Scroll            |       |       |     1 |    10 ||    11
 Stab: Invisible         |       |       |       |     1 ||     1
Armor: Scale mail        |     7 |     2 |       |       ||     9
       Chain mail        |       |       |    22 |    35 ||    57
       Plate armour      |       |       |       |    20 ||    20
       Fire dragon scale |       |       |       |    16 ||    16
Dodge: Dodged            |    13 |     3 |     9 |    58 ||    83
Block: Buckler           |     2 |     1 |    14 |    20 ||    37
       Tower shield      |       |       |       |    20 ||    20
